 Dungeon Crawl Stone Soup version 0.28.0-43-g3370ac3207 (webtiles) character file.

Game seed: 17496282181842100036

774 demenzo the Chopper (level 7, -4/62 HPs)
             Began as a Minotaur Cinder Acolyte on Mar 14, 2022.
             Was a High Priest of Ignis.
             Succumbed to an orc's poison
             ... on level 4 of the Dungeon.
             The game lasted 00:05:38 (4496 turns).

demenzo the Chopper (Minotaur Cinder Acolyte)       Turns: 4496, Time: 00:05:39

Health: -4/62      AC: 11    Str: 18    XL:     7   Next: 53%
Magic:  7/7        EV: 10    Int: 13    God:    Ignis [*****.]
Gold:   161        SH:  0    Dex:  8    Spells: 8/8 levels left

rFire   + . .      SeeInvis .   b - +2 dagger (venom)
rCold   . . .      Faith    .   (no shield)
rNeg    . . .      Spirit   .   u - +0 plate armour
rPois   .          Reflect  .   (helmet restricted)
rElec   .          Harm     .   B - scarf {shadows}
rCorr   .          Rampage  .   (no gloves)
Will    .....      Clarity  +   (no boots)
Stlth   ..........              (no amulet)
HPRegen 0.20/turn               k - +4 ring of evasion
MPRegen 0.10/turn               (no ring)

@: lethally poisoned (-4 -> -30)
A: horns 2, retaliatory headbutt, clarity, clever 1
a: Renounce Religion, Fiery Armour, Foxfire Swarm, Rising Flame


You were on level 4 of the Dungeon.
You worshipped Ignis.
Ignis was extremely pleased with you.
You visited 1 branch of the dungeon, and saw 5 of its levels.

You collected 161 gold pieces.

Inventory:

Hand Weapons
 a - a +0 war axe
 b - a +2 dagger of venom (weapon)
 m - a +0 hunting sling
 A - a -1 hand axe of flaming
Missiles
 c - 109 arrows
 e - 4 javelins (quivered)
 h - 96 stones
 j - 22 sling bullets
 r - 42 bolts
Armour
 d - a +0 chain mail
 n - a +0 robe
 u - a +0 plate armour (worn)
 B - a scarf of shadows (worn)
Jewellery
 k - a +4 ring of evasion (left hand)
 o - an amulet of faith
 t - an amulet of reflection
 E - a ring of see invisible
Scrolls
 f - 7 scrolls of identify {unknown}
 p - a scroll of vulnerability {unknown}
 q - a scroll of amnesia {unknown}
 s - a scroll of holy word {unknown}
 v - a scroll of immolation {unknown}
 w - a scroll of magic mapping {unknown}
 y - a scroll of summoning {unknown}
 C - a scroll of enchant weapon {unknown}
Potions
 g - a potion of brilliance {unknown}
 i - a potion of heal wounds {unknown}
 l - a potion of mutation
 x - a potion of haste {unknown}
 z - a potion of attraction
 D - a potion of degeneration {unknown}


   Skills:
 + Level 5.8 Fighting
 * Level 7.3 Axes
 + Level 4.1 Armour
 + Level 3.9 Dodging
 - Level 1.0 Spellcasting
 - Level 2.1 Fire Magic


You had 8 spell levels left.
You didn't know any spells.
Your spell library contained the following spells:

 Spells                   Type           Power      Damage    Failure   Level
 Foxfire                  Conj/Fire      12%        2x1d4     100%        1
 Magic Dart               Conj           0%         1d3       100%        1
 Scorch                   Fire           12%        2d5       100%        2
 Searing Ray              Conj           0%         2d4       100%        2
 Conjure Flame            Conj/Fire      3%         6-21      100%        3
 Inner Flame              Hex/Fire       3%         N/A       100%        3
 Flame Wave               Conj/Fire      3%         2d4       100%        4
 Fulminant Prism          Conj/Hex       0%         3d6       100%        4


Dungeon Overview and Level Annotations

Branches:
Dungeon (5/15)
 Temple: D:4-7

Altars:
Ashenzari
Okawaru
Ru
Trog

Shops:
D:5 [


Innate Abilities, Weirdness & Mutations

You have a pair of horns on your head.
You reflexively headbutt those who attack you in melee.
You possess an exceptional clarity of mind.
Your mind is acute. (Int +2)


Message History

You feel very sick. The orc completely misses you.
The orc hits you but does no damage.
You hit the orc.
The orc looks even sicker.
The orc is severely wounded.
You feel very sick.
You kill the orc!
The orc hits you from afar with a +1 trident of venom!
You are more poisoned.
You feel very sick.
The orc hits you from afar with a +1 trident of venom.
* * * LOW HITPOINT WARNING * * *
You are lethally poisoned!
Items here: ( )) [ †.
Found a spear.
* * * LOW HITPOINT WARNING * * *
You feel very sick.
The orc hits you from afar with a +1 trident of venom.
* * * LOW HITPOINT WARNING * * *
You are more poisoned.
There is a stone staircase leading up here.
Unknown command.
Unknown command.
Unknown command.
Unknown command.
Unknown command.
Unknown command.
Unknown command.
Unknown command.
Unknown command.
Unknown command.
Unknown command.
Unknown command.
Unknown command.
Unknown command.
Unknown command.
* * * LOW HITPOINT WARNING * * *
You feel extremely sick. The orc barely misses you.
You climb upwards.
You die...

#.# #^#.###### #.#####...#
############.......#############
#..................###..........
#.####..#####.#.###.##.####..###
##.####..##......# #.......#..#
.....##..##.##.#.###..........#
##.......##.##.#....###.##.##.#
#.#.#.....#....@...# #.......#
##........###.##.#### ###...###
##.###.###.#.......## #...#
##.###.####.........# #...#####
##........##..##.#..# #........
####......##..#..#..#####....###.
.###......##..#.##...............
..[.8#8...##.....................
...#####..##.......#.............


There were no monsters in sight!

Vanquished Creatures
  Eustachio (D:4)
  A black bear (D:5)
  Blork the orc (D:4)
  3 scorpions
  An orc priest (D:5)
  2 hounds
  2 iguanas (D:5)
  An orc wizard (D:4)
  A hound skeleton (D:4)
  2 adders
  3 worms (D:2)
  2 dart slugs
  13 orcs
  3 bats (D:1)
  6 endoplasms
  4 giant cockroaches
  5 goblins
  4 hobgoblins
  4 jackals (D:3)
  2 quokkas (D:2)
  3 ball pythons
  5 frilled lizards
  5 kobolds
  7 rats
81 creatures vanquished.

Notes
Turn   | Place    | Note
-------+----------+-------------------------------------------
     0 | D:1      | demenzo the Minotaur Cinder Acolyte began the quest for the
                  | Orb.
     0 | D:1      | Reached XP level 1. HP: 19/19 MP: 1/1
   226 | D:1      | Reached XP level 2. HP: 27/27 MP: 2/2
   228 | D:1      | Reached skill level 4 in Axes
   573 | D:1      | Found a faded altar of an unknown god.
   708 | D:2      | Reached skill level 1 in Armour
   746 | D:2      | Reached skill level 1 in Dodging
   991 | D:2      | Reached XP level 3. HP: 33/33 MP: 3/3
  1922 | D:3      | Reached XP level 4. HP: 40/40 MP: 4/4
  2585 | D:4      | Noticed Eustachio
  2831 | D:4      | Killed Eustachio
  2832 | D:4      | Reached skill level 5 in Axes
  2832 | D:4      | Reached XP level 5. HP: 22/47 MP: 5/5
  3233 | D:4      | Found a sacrificial altar of Ru.
  3233 | D:4      | Found a bloodstained altar of Trog.
  3235 | D:4      | Found an iron altar of Okawaru.
  3280 | D:4      | Noticed Blork the orc
  3292 | D:4      | Killed Blork the orc
  3293 | D:4      | Reached skill level 5 in Fighting
  3293 | D:4      | Reached skill level 6 in Axes
  3293 | D:4      | Reached XP level 6. HP: 43/56 MP: 6/6
  3388 | D:4      | Found a broken altar of Ashenzari.
  3782 | D:5      | Entered Level 5 of the Dungeon
  3849 | D:5      | Gained mutation: You possess an exceptional clarity of
                  | mind. [potion of mutation]
  3849 | D:5      | Gained mutation: Your mind is acute. (Int +2) [potion of
                  | mutation]
  3851 | D:5      | Reached XP level 7. HP: 24/61 MP: 7/7
  3858 | D:4      | HP: 3/61 [poisoned by a scorpion]
  3861 | D:4      | HP: 1/61 [poisoned by a scorpion]
  4304 | D:5      | Found Enithom's Antique Armour Boutique.
  4344 | D:5      | Reached skill level 7 in Axes
  4496 | D:4      | Succumbed to an orc's poison

Illustrated notes

Levels and vault maps discovered:
D:1:      dpeg_arrival_round_c, layout_basic, dreamdust_ecumenical_altar_grove
D:2:      layout_loops_corners
D:3:      layout_loops_ring, grunt_decor_junction
D:4:      layout_loops_cross, nicolae_overflow_quartered_altars,
          uniq_blork_the_orc, uniq_eustachio
D:5:      layout_basic, nemelex_dance_club_becter, serial_shops,
          nicolae_lakefront_shop, hangedman_decor_riveting, dk_rats_in_the_wall

Skill      XL: |  1  2  3  4  5  6  7 |
---------------+----------------------+-----
Axes           | 4 5 6 7 |  7.3
Armour         | 1 2 3 4 |  4.1
Dodging        | 1 2 3 |  3.9
Fighting       | 4 5 |  5.8
Spellcasting   | |  1.0
Fire Magic     | |  2.1

Action                   |  1- 3 |  4- 6 |  7- 9 || total
-------------------------+-------+-------+-------++-------
Melee: Hand axe          |    38 |    11 |       ||    49
       Headbutt          |    16 |    13 |    10 ||    39
       Dagger            |    46 |    59 |    41 ||   146
       War axe           |       |     8 |       ||     8
       Punch             |       |       |     1 ||     1
Invok: Fiery Armour      |       |     2 |       ||     2
  Use: Potion            |       |     2 |       ||     2
Armor: Chain mail        |    33 |     1 |       ||    34
       Plate armour      |       |    88 |    20 ||   108
Dodge: Dodged            |    40 |    69 |    32 ||   141
